Zazza, neutral female human Tourist ---------- |........| #-....B@..| ###|........+ # --.-+----- ### # # # # # ### ##### # # # ----- ## ### ##### |+(.| | # # # # |%((| |........... ########### --.---.----- #-.((| | # # |..........| ###----- -------.-# |..........| # |........#### |...........#### ........|# |..........| |.......+# |.>........| --------- |..........| ------------ Zazza the Rambler Experience level: 2 Strength: 10 Dexterity: 10 Constitution: 17 Intelligence: 11 Wisdom: 9 Charisma: 18 Health: 0(20) Energy: 4(4) Def: 3 Gold: 0 Moves: 2931 Dungeon seed: BEFQVo99Wsp9YM_s Game ID: Zazza_1597845619 Your Inventory: Amulets N - an uncursed amulet of magical breathing (being worn) Weapons a - 34 +2 darts (in quiver) r - a blessed +2 dagger (weapon in hand) t - a blessed +0 orcish dagger Armor e - a blessed +0 Hawaiian shirt n - an uncursed +1 cloak of invisibility y - an uncursed +0 orcish helm (being worn) z - an uncursed +0 orcish helm J - an uncursed +1 pair of low boots (being worn) Comestibles b - an uncursed pancake c - 8 uncursed food rations g - an uncursed banana v - an uncursed tripe ration K - an uncursed tin of gecko meat M - 2 uncursed tripe rations Scrolls i - 2 uncursed scrolls of magic mapping Potions h - 2 uncursed potions of extra healing j - a blessed potion of gain level o - an uncursed potion of restore ability w - a blessed potion of healing Wands m - a wand of teleportation (0:4) p - a wand of slow monster (0:6) q - a wand of light (0:11) V - a wand of probing (0:3) Tools k - an expensive camera (0:94) l - an uncursed credit card s - a blessed magic lamp (lit) x - an uncursed towel Spells and supernatural/magical abilities: Name Level Category Fail Memory W - pray for help -- divine ? -- Your skills at the end: Fighting Skills Weapon Skills dagger [Basic] dart [Basic] Spellcasting Skills Final Attributes: You were stridently aligned. You could survive without air. You are dead. Vanquished creatures: a kitten an iguana a gas spore 2 giant rats 2 red molds 2 geckos 5 jackals 5 goblins 7 grid bugs a bat 4 newts 31 creatures vanquished. Voluntary challenges: You used a wielded weapon 20 times, starting on turn 463. You read items or engraved 5 times, starting on turn 25. You never genocided any monsters. You never polymorphed an object. You never changed form. You used no wishes. You never split a pudding. You wrote Elbereth's name 2 times, starting on turn 1620. You never violated your personal moral code. Dungeon overview: The Dungeons of Doom: levels 1 to 5 Level 1 a long staircase Level 2 an altar to Offler, a fountain Level 3 a general store, an altar to The Lady, a sink Level 4 a general store, an altar to Blind Io, a fountain a long staircase Level 5 <- You were here a hardware shop History has recorded: On T:1 you entered the Dungeons of Doom to retrieve the Amulet of Yendor! On T:392 you reached level 2 of The Dungeons of Doom. On T:875 you reached level 3 of The Dungeons of Doom. On T:1424 you advanced to experience level 2. On T:1966 you reached level 4 of The Dungeons of Doom. On T:2679 you reached level 5 of The Dungeons of Doom. Score breakdown: Gold: 0 ( 0 points) Experience: 2 levels ( 5570 points) Exploration: 5 levels ( 10.42%) ( 8751 points) Discoveries: 13 items ( 4.36%) ( 6265 points) Valuables value: (no points given unless you survive) Artifact value: 0 ( 0 points) Variety of kills: 11 monsters ( 2.89%) ( 5097 points) Turncount: 2931 turns ( -565 points) Survival: died (score multiplied by 80%) Total score: 20094 Latest messages: "Aloha, Zazza! Welcome again to Nosnehpets' hardware store!" There is an open door here. You see here a magic lamp. s - a magic lamp. Your lamp is now on. This door is locked. That door is closed. (2x) You displace Armand. You hear someone cursing shoplifters. You see here a food ration. c - an uncursed food ration. The giant bat bites! (4x) Never mind. The giant bat is blinded by the flash! The giant bat turns to flee! The giant bat bumps right into you! The giant bat bites! (2x) You die... Final status: Aloha Zazza the Tourist, killed by a giant bat... You died in The Dungeons of Doom on dungeon level 5 with 20094 points, and 0 pieces of gold, after 2931 moves. You were level 2 with a maximum of 20 hit points when you died.